 Dungeon Crawl Stone Soup version 0.19-a0-1251-gd6e46da (webtiles) character file.

58 PurpleRed the Conjurer (level 3, -4/19 HPs)
             Began as a Deep Elf Conjurer on Aug 27, 2016.
             Slain by Natasha (9 damage)
             ... on level 2 of the Dungeon.
             The game lasted 00:03:56 (396 turns).

PurpleRed the Conjurer (Deep Elf Conjurer)           Turns: 396, Time: 00:03:56

Health: -4/19      AC:  1    Str:  5    XL:     3   Next: 76%
Magic:  2/10       EV: 13    Int: 22    God:
Gold:   76         SH:  0    Dex: 15    Spells: 2 memorised, 7 levels left

rFire  . . .     SeeInvis .     d - +0 dagger
rCold  . . .     Gourm    .     a - +0 robe
rNeg   . . .     Faith    .     (no shield)
rPois  .         Spirit   .     (no helmet)
rElec  .         Dismiss  .     (no cloak)
rCorr  .         Reflect  .     (no gloves)
MR     .....     Harm     .     k - -2 pair of boots (curse)
Stlth  ++........               (no amulet)
                                g - ring of flight
                                e - +2 ring of intelligence

@: no status effects
A: no striking features
a: Evoke Flight


You were on level 2 of the Dungeon.
You were not hungry.

You visited 1 branch of the dungeon, and saw 3 of its levels.

You collected 76 gold pieces.

Inventory:

Hand Weapons
 d - a +0 dagger (weapon)
Armour
 a - a +0 robe (worn)
 k - a cursed -2 pair of boots (worn)
Jewellery
 e - a +2 ring of intelligence (left hand)
 g - a ring of flight (right hand)
Scrolls
 i - a scroll of magic mapping {unknown}
 j - a scroll of enchant weapon {unknown}
 m - a scroll of identify {unknown}
 n - a scroll of remove curse {unknown}
Potions
 h - a potion of might
 l - a potion of degeneration {unknown}
Books
 b - a book of Conjurations

   Spells                             Type                      Level
   a - Magic Dart                     Conjuration                  1
   b - Searing Ray                    Conjuration                  2
   c - Dazzling Spray                 Conjuration/Hexes            3
   d - Fulminant Prism                Conjuration/Hexes            4
   e - Iskenderun's Mystic Blast      Conjuration                  4
   f - Iskenderun's Battlesphere      Conjuration/Charms           5
Comestibles
 c - a bread ration
 f - a meat ration


   Skills:
 - Level 2.4 Dodging
 - Level 2.4 Stealth
 + Level 4.0 Spellcasting
 * Level 5.5 Conjurations


You had 7 spell levels left.
You knew the following spells:

 Your Spells              Type           Power        Failure   Level  Hunger
a - Magic Dart            Conj           ####         1%          1    None
b - Searing Ray           Conj           ####..       1%          2    #......


Dungeon Overview and Level Annotations

Branches:
Dungeon (3/15)

Altars:

Annotations:
D:2 Natasha, Sigmund
D:3 Jessica


Message History

The quokka closely misses you. The hobgoblin closely misses you.
Found four items.
There is a stone staircase leading down here.
You open the door. The quokka barely misses you.
The hobgoblin hits you with a club.
* * * LOW HITPOINT WARNING * * *
The hobgoblin misses you.
The quokka bites you but does no damage.
There is an open door here.
Natasha drinks a potion.
Natasha seems to grow stronger.
Casting: Magic Dart
Confirm with . or Enter, or press ? or * to list all spells.
Aiming: Searing Ray
Press: ? - help, Shift-Dir - straight line, f - Natasha
Aim: Natasha (unusually strong)
The searing ray misses Natasha.
The searing ray hits the quokka.
You kill the quokka!
Natasha hisses.
Natasha claws you!
You die...

#.......# #..?.$..#
+.......# ####
#.(..(..# ...#
#.......#
##.############.......#
########
......†.........g.....#
#!.....{
......##...#####h######
#.###### .#.##.##...#
#@# #.# <#.##..#...#
#+# #{#
##.###.#...#......# #.#
..# #.#...#......#
###.# ### #..# #......#
#...# ##.## #......#
#.### #..# #......# #.#
##.###......######.#
#..##.............#


You could see Natasha and a hobgoblin.

Vanquished Creatures
  4 adders
  A worm (D:2)
  A giant gecko (D:2)
  A giant cockroach (D:2)
  5 goblins
  A hobgoblin (D:2)
  3 jackals (D:3)
  A quokka (D:2)
  2 giant newts (D:1)
  A kobold (D:1)
20 creatures vanquished.

Notes
Turn   | Place    | Note
-------+----------+-------------------------------------------
     0 | D:1      | PurpleRed the Deep Elf Conjurer began the quest for the Orb.
     0 | D:1      | Reached XP level 1. HP: 10/10 MP: 6/6
    72 | D:2      | Reached XP level 2. HP: 15/15 MP: 2/8
    76 | D:2      | Learned a level 2 spell: Searing Ray
    97 | D:2      | Reached skill level 5 in Conjurations
   135 | D:2      | Noticed Sigmund
   152 | D:2      | Reached XP level 3. HP: 9/19 MP: 0/10
   183 | D:2      | You fall through a shaft!
   385 | D:3      | Noticed Jessica
   392 | D:2      | Noticed Natasha
   396 | D:2      | Slain by Natasha

Vault maps used:
D:1:      minmay_arrival_cross
D:2:      kennysheep_generic_room_15, uniq_natasha, uniq_sigmund
D:3:      fedhas_altar_2, uniq_robin, uniq_jessica

Skill      XL: |  1  2  3 |
---------------+----------+-----
Conjurations   | 5 |  5.5
Spellcasting   | 4 |  4.0
Dodging        | |  2.4
Stealth        | |  2.4

Action                   || total
-------------------------++-------
Melee: Dagger            ||    14
 Cast: Magic Dart        ||    31
       Searing Ray       ||     3
Armor: Robe              ||    17
Dodge: Dodged            ||    56
